 Dungeon Crawl Stone Soup version 0.26.1-11-gd32895ea62 (webtiles) character file.

Game seed: 15399206998120279261

53 DildoBatman the Conjurer (level 4, -1/30 HPs)
             Began as a Formicid Conjurer on July 15, 2021.
             Slain by a kobold (4 damage)
             ... on level 2 of the Dungeon.
             The game lasted 00:03:49 (1209 turns).

DildoBatman the Conjurer (Formicid Conjurer)        Turns: 1209, Time: 00:03:50

Health: -1/30      AC:  4    Str: 12    XL:     4   Next: 11%
Magic:  4/7        EV: 12    Int: 17    God:
Gold:   85         SH:  0    Dex: 16    Spells: 4/7 levels left

rFire    . . .     SeeInvis +   b - +0 short sword
rCold    . . .     Faith    .   (no shield)
rNeg     + . .     Spirit   .   k - +0 robe
rPois    .         Reflect  .   (helmet unavailable)
rElec    .         Harm     .   (no cloak)
rCorr    .         Rampage  .   i - +1 pair of gloves
Will     .....                  (no boots)
Stlth    ++........             (no amulet)
HPRegen  0.10/turn              g - ring of positive energy
MPRegen  0.10/turn              n - +6 ring of dexterity

@: no status effects
A: permanent stasis, dig shafts and tunnels, four strong arms, antennae 3
a: Dig, Shaft Self


You were on level 2 of the Dungeon.
You visited 1 branch of the dungeon, and saw 2 of its levels.

You collected 85 gold pieces.

Inventory:

Hand Weapons
 a - a +0 hunting sling
 b - a +0 short sword (weapon)
Missiles
 d - 2 stones
 h - 14 arrows
Armour
 i - a +1 pair of gloves (worn)
 k - a +0 robe (worn)
Jewellery
 g - a ring of positive energy (left hand)
 n - a +6 ring of dexterity (right hand)
 p - an uncursed ring of fire
Scrolls
 c - a scroll of fog {unknown}
 j - a scroll of remove curse {unknown}
 l - a scroll of enchant armour {unknown}
 m - a scroll of blinking {unknown}
 o - a scroll of enchant weapon {unknown}
Potions
 e - a potion of invisibility {unknown}
 f - a potion of might


   Skills:
 - Level 1.7 Dodging
 - Level 2.4 Stealth
 - Level 2.1 Spellcasting
 * Level 4.9 Conjurations


You had 4 spell levels left.
You knew the following spells:

 Your Spells              Type           Power        Failure   Level
a - Searing Ray           Conj           36%          3%          2
c - Magic Dart            Conj           72%          2%          1

Your spell library contained the following spells:

 Spells                   Type           Power        Failure   Level
 Dazzling Flash           Conj/Hex       20%          21%         3
 Fulminant Prism          Conj/Hex       5%           56%         4
 Iskenderun's Mystic Bla  Conj/Tloc      10%          56%         4


Dungeon Overview and Level Annotations

Branches:
Dungeon (2/15)

Altars:


Innate Abilities, Weirdness & Mutations

You cannot be hasted, slowed, berserked, paralysed or teleported.
You can dig through walls and to a lower floor.
Your four strong arms can wield two-handed weapons with a shield.
You have a pair of large antennae on your head. (SInv)


Message History

t - Shout!
Orders for allies: a - Attack new target. r - Retreat! s - Stop attacking. g - Guard the area. f - Follow me.
Anything else - Cancel.
You shout for attention!
The hobgoblin barely misses you. The shadow imp barely misses you.
The kobold hits you. What are your orders? t - Shout!
Orders for allies: a - Attack new target. r - Retreat! s - Stop attacking. g - Guard the area. f - Follow me.
Anything else - Cancel.
You shout for attention!
The hobgoblin misses you.
The shadow imp hits you but does no damage.
The kobold hits you.
You die...

#.. #.. #.. #.. # ..
.# #r ##.# #5## #...##
#####.@###..P..#
......gK..#...♣ ###.
######.##....♣ .....
#. #...P♣♣P.P♣ #.
#.#P.P♣.P♣ .. #.
#.##....P♣♣♣P..
♣♣♣♣♣♣#.# ......P♣.P.#
........###......P...#
♣♣♣♣♣♣...#........#.##


You could see a shadow imp, a hobgoblin, a kobold (strong) and a rat.

Vanquished Creatures
  2 adders (D:2)
  2 dart slugs (D:1)
  A leopard gecko (D:2)
  3 giant cockroaches
  4 hobgoblins
  3 kobolds (D:1)
  A quokka (D:2)
  3 bats
  2 frilled lizards
  3 goblins
  8 rats
32 creatures vanquished.

Vanquished Creatures (others)
  7 plants (D:2)
7 creatures vanquished.

Grand Total: 39 creatures vanquished

Notes
Turn   | Place    | Note
-------+----------+-------------------------------------------
     0 | D:1      | DildoBatman the Formicid Conjurer began the quest for the
                  | Orb.
     0 | D:1      | Reached XP level 1. HP: 13/13 MP: 3/3
   149 | D:1      | Reached skill level 4 in Conjurations
   149 | D:1      | Reached XP level 2. HP: 19/19 MP: 1/5
   152 | D:1      | Learned a level 2 spell: Searing Ray
   849 | D:2      | Reached XP level 3. HP: 24/24 MP: 6/6
  1170 | D:2      | Reached XP level 4. HP: 27/30 MP: 0/7
  1209 | D:2      | Slain by a kobold

Illustrated notes

Levels and vault maps discovered:
D:1:      scummos_arrival_star, layout_basic, serial_corexii_hall,
          chequers_hall_statues_y, chequers_hall_statues_wall_a
D:2:      layout_loops_ring, serial_forest, infiniplex_forest_end_3,
          infiniplex_forest_straight_3, infiniplex_forest_pool,
          infiniplex_forest_lined_2, infiniplex_forest_clump_double,
          infiniplex_forest_straight_2

Skill      XL: |  1 |
---------------+----+-----
Conjurations   | 4 |  4.9
Dodging        | |  1.7
Stealth        | |  2.4
Spellcasting   | |  2.1

Action                   |  1- 3 |  4- 6 || total
-------------------------+-------+-------++-------
Melee: Unarmed           |     3 |       ||     3
       Short sword       |    27 |     2 ||    29
 Fire: Hunting sling     |    10 |       ||    10
 Cast: Magic Dart        |    27 |       ||    27
       Searing Ray       |     9 |       ||     9
 Abil: Dig               |     2 |     1 ||     3
Armor: Robe              |     3 |     4 ||     7
Dodge: Dodged            |     7 |    20 ||    27
